 Dungeon Crawl Stone Soup version 0.13.1-2-gfb2c2b7 (webtiles) character file.

1810 Lilouch the Skirmisher (level 8, -12/57 (61) HPs)
             Began as a Mummy Chaos Knight on Dec 12, 2013.
             Was a Plaything of Xom.
             Killed from afar by oink's ghost (37 damage)
             ... with an exploding inner flame
             ... hexed by Xom
             ... on Level 8 of the Dungeon.
             The game lasted 00:33:58 (8288 turns).

Lilouch the Skirmisher (Mummy Chaos Knight)         Turns: 8288, Time: 00:33:58

HP -12/57 (61)   AC 19     Str 19      XL: 8   Next: 69%
MP   8/8         EV  2     Int  9      God: Xom
Gold 149         SH 17     Dex 12      Spells:  0 memorised,  7 levels left

Res.Fire  : . . .   See Invis. : .   a - +0,-1 spear (chaos) {=f}
Res.Cold  : + . .   Warding    : .   h - +0 plate armour
Life Prot.: + + +   Conserve   : .   w - +2 shield of the Equator {rPois Str+3 Int-2 Dam+4}
Res.Poison: +       Res.Corr.  : .   k - +2 helmet
Res.Elec. : .       Clarity    : .   t - +0 cloak
Sust.Abil.: . .     Spirit.Shd : .   g - +0 pair of elf gloves
Res.Mut.  : .       Stasis     : .   v - +0 pair of dwarf boots
Res.Rott. : +       Flight     : .   (no amulet)
Saprovore : . . .                    l - cursed ring of hunger
                                     c - ring of protection from fire

@: somewhat resistant to hostile enchantments, extremely unstealthy
A: no food or potions, fire vulnerability, restore body, cold resistance 1, life
protection 3, poison resistance, torment resistance, unbreathing
a: Renounce Religion


You were on level 8 of the Dungeon.
You worshipped Xom.
You were Xom's teddy bear.
You were not hungry.

You visited 2 branches of the dungeon, and saw 10 of its levels.

You collected 301 gold pieces.
You spent 172 gold pieces at shops.

Inventory:

Hand weapons
 a - a +0,-1 spear of chaos (weapon) {=f}
 n - the +4 blowgun of Impermanence {evade, rF+}
   (You bought it in a shop on level 4 of the Dungeon)

   It affects your evasion (+5 to EV).
   It protects you from fire.
 o - a +3,+2 elven anti-magic short sword
 q - a +0,+0 spear
 u - a +1,+3 orcish anti-magic war axe
 B - a +0,+3 battleaxe of distortion
Missiles
 m - 6 curare-tipped needles
 p - 6 javelins (quivered)
 A - 5 poisoned darts
Armour
 g - a +0 pair of elven gloves (worn)
 h - a +0 plate armour (worn)
 k - a +2 helmet (worn)
 t - a +0 cloak (worn)
 v - a +0 pair of dwarven boots (worn)
 w - the +2 shield of the Equator (worn) {rPois Str+3 Int-2 Dam+4}
   (You found it on level 5 of the Dungeon)

   It affects your strength (+3).
   It affects your intelligence (-2).
   It affects your damage-dealing abilities (+4).
   It protects you from poison.
Magical devices
 C - a wand of fireball (4)
Scrolls
 b - a scroll of enchant weapon I {unknown}
 d - 5 scrolls of recharging
 e - 4 scrolls of identify
 f - 2 scrolls of teleportation {unknown}
 i - 2 scrolls of fog {unknown}
 j - 7 scrolls of remove curse
 r - 2 scrolls of amnesia {unknown}
 s - 3 scrolls of noise
 y - a scroll of blinking {unknown}
 z - a scroll of magic mapping {unknown}
Jewellery
 c - a ring of protection from fire (left hand)
 l - a cursed ring of hunger (right hand)
 x - an uncursed ring of ice {unknown}
 E - an uncursed ring of invisibility {unknown}
 F - an uncursed ring of positive energy {unknown}
Books
 D - a book of Enchantments

   Spells                             Type                      Level
   Cause Fear                         Hexes                        4
   Silence                            Hexes/Air                    5
   Tukima's Dance                     Hexes                        5
   Deflect Missiles                   Charms/Air                   6
   Haste                              Charms                       6
   Discord                            Hexes                        8


   Skills:
 + Level 6.8 Fighting
 + Level 6.0 Polearms
 + Level 5.6 Armour
 - Level 0.7 Dodging


You had 7 spell levels left.
You didn't know any spells.

Dungeon Overview and Level Annotations

Branches:
Dungeon (9/27)             Temple (1/1) D:7             Orc (0/4) D:6
   Lair: D:8-13

Altars:
Fedhas
Makhleb
Okawaru
Trog
Zin
the Shining One

Shops:
D:4 =(=   D:7 (


Innate Abilities, Weirdness & Mutations

You do not eat or drink.
Your flesh is vulnerable to fire.
Your flesh is cold resistant.
You are immune to negative energy.
Your system is resistant to poisons.
You are immune to unholy pain and torment.
You can survive without breathing.


Message History

The butterfly dies!
The fiery explosion engulfs you!
The fiery explosion engulfs the butterfly.
The butterfly dies!
The fiery explosion engulfs the butterfly.
The butterfly dies!
The fiery explosion engulfs your iron imp.
Your iron imp completely resists. "Serve the mortal, my child!"
The butterfly disappears in a puff of smoke!
Oink's ghost is engulfed in roaring flames.
Oink's ghost explodes!
The fiery explosion engulfs the butterfly.
The butterfly dies!
The fiery explosion engulfs you!
One of your 8 scrolls of remove curse catches fire!
Two of your 5 scrolls of noise catch fire!
Ouch! That really hurt!
You die...
Xom chortles!

### z #.....
..b.... #....§..
#b..§....
.######?......#
bbb..b...bb...#
....bbbb......b.%
....b..§@§§#
....bb§§§§5####.#
..bb.b§§§§..bb...
.....b.§§5.......
#.####b.b..b##. #
#b...<.# #b.b.bb#
#....b§# ff
#..b.####. ..


You could see a friendly iron imp and a friendly ufetubus.

Vanquished Creatures
  Grinder (D:3)
  An ice beast (D:6)
  An orc warrior (D:8)
  Duvessa (D:7)
  A giant frog (D:7)
  A warg (D:7)
  A centaur (D:7)
  A water moccasin (D:7)
  Blork the orc (D:7)
  An eye of draining (D:5)
  A quasit (D:8)
  A crimson imp (D:5)
  A fire bat (D:6)
  Dowan (D:7)
  A jelly (D:8)
  2 hounds (D:7)
  3 orc wizards
  An iguana (D:5)
  4 scorpions
  2 worker ants
  A boggart (D:5)
  12 adders
  5 gnolls
  4 worms
  An adder skeleton (D:4)
  5 giant geckos
  2 oozes
  2 ball pythons
  21 bats
  A bat skeleton (D:4)
  12 goblins
  14 hobgoblins
  5 quokkas
  5 giant cockroaches
  4 giant newts
  A jackal skeleton (D:8)
  14 kobolds
  A kobold skeleton (D:5)
  23 orcs
  A quokka zombie (D:5)
  12 rats
  2 rat skeletons
175 creatures vanquished.

Vanquished Creatures (collateral kills)
  6 butterflies (D:8)
6 creatures vanquished.

Vanquished Creatures (others)
  2 gnolls (D:4)
  A shadow imp (D:7)
  4 butterflies (D:8)
7 creatures vanquished.

Grand Total: 188 creatures vanquished

Notes
Turn   | Place    | Note
--------------------------------------------------------------
     0 | D:1      | Lilouch, the Mummy Chaos Knight, began the quest for the Orb.
     0 | D:1      | Reached XP level 1. HP: 16/16 MP: 1/1
    11 | D:1      | XOM: divination: magic mapping
   144 | D:1      | XOM: harmless Divn miscast
   156 | D:1      | XOM: confusion
   205 | D:2      | XOM: colour smoke trail
   211 | D:2      | XOM: silly message
   212 | D:2      | Reached XP level 2. HP: 22/22 MP: 2/2
   389 | D:2      | XOM: medium Trmt miscast
   566 | D:2      | XOM: medium Tloc miscast
   698 | D:2      | XOM: medium Fire miscast
   868 | D:2      | Reached XP level 3. HP: 28/28 MP: 3/3
  1234 | D:1      | XOM: medium Fire miscast
  1630 | D:2      | You fall through a shaft!
  1651 | D:4      | Found Fuliedus' Jewellery Shop.
  1697 | D:4      | Reached XP level 4. HP: 34/34 MP: 4/4
  2063 | D:2      | XOM: colour smoke trail
  2150 | D:3      | Noticed Grinder
  2184 | D:3      | XOM: mild Tloc miscast
  2187 | D:3      | XOM: summons 4 friendly demons
  2191 | D:3      | Killed Grinder
  2191 | D:3      | Reached skill level 4 in Fighting
  2191 | D:3      | Reached XP level 5. HP: 22/40 MP: 5/5
  2191 | D:3      | Reached XP level 6. HP: 25/47 MP: 6/6
  3091 | D:3      | XOM: silly message
  3421 | D:4      | XOM: inner flame monster(s)
  3689 | D:4      | XOM: 4-stop teleportation journey
  3778 | D:4      | XOM: mild Ice miscast
  3819 | D:4      | XOM: 2-stop teleportation journey
  4187 | D:4      | XOM: polymorph goblin -> rat
  4268 | D:4      | Found Kelul's Jewellery Boutique.
  4314 | D:4      | Found Fomiylo's Antique Weapon Shop.
  4467 | D:4      | Reached XP level 7. HP: 47/53 MP: 7/7
  4494 | D:5      | Entered Level 5 of the Dungeon
  4579 | D:5      | XOM: medium Necr miscast
  4711 | D:4      | Bought a brightly glowing blowgun for 172 gold pieces
  4712 | D:4      | Identified the blowgun of Impermanence {evade, rF+} (You bought it in a shop on level 4 of the Dungeon)
  4770 | D:4      | XOM: mild Fire miscast
  4923 | D:5      | XOM: god gift: 19 stones
  4949 | D:5      | Found a bloodstained altar of Trog.
  4969 | D:5      | XOM: blink monster(s)
  4974 | D:5      | Reached skill level 5 in Fighting
  5028 | D:5      | XOM: divination: detect items
  5106 | D:5      | XOM: polymorph adder -> boggart
  5242 | D:5      | Got a shimmering shield
  5266 | D:5      | Identified the +2 shield of the Equator {rPois Str+3 Int-2 Dam+4} (You found it on level 5 of the Dungeon)
  5411 | D:5      | XOM: god gift: club {god gift}
  5543 | D:5      | XOM: mild Divn miscast
  5616 | D:6      | XOM: harmless Hex miscast
  5642 | D:6      | Reached skill level 5 in Polearms
  5688 | D:6      | XOM: mild Tloc miscast
  5707 | D:6      | Found a staircase to the Orcish Mines.
  5889 | D:7      | Found a glowing silver altar of Zin.
  5910 | D:7      | XOM: divination: detect items
  6161 | D:6      | XOM: vitrification
  6253 | D:7      | Found a staircase to the Ecumenical Temple.
  6253 | D:7      | XOM: severe Chrm miscast
  6262 | D:7      | Noticed Dowan
  6263 | D:7      | Noticed Duvessa
  6291 | Temple   | Entered the Ecumenical Temple
  6516 | D:7      | Killed Dowan
  6791 | D:7      | XOM: divination: detect items
  6879 | D:7      | Reached XP level 8. HP: 51/56 MP: 8/8
  6886 | D:7      | XOM: 2-stop teleportation journey
  6891 | D:7      | Found Wuagg's Weapon Emporium.
  6926 | D:7      | XOM: 2-stop teleportation journey
  6974 | D:7      | XOM: noise
  6987 | D:7      | Reached skill level 6 in Fighting
  6987 | D:7      | Reached skill level 5 in Armour
  6988 | D:7      | XOM: divination: magic mapping
  7017 | D:7      | XOM: summons friendly shadow imp
  7026 | D:7      | Killed Duvessa
  7184 | D:7      | XOM: medium Conj miscast
  7542 | D:7      | XOM: colour smoke trail
  7716 | D:8      | Noticed Blork the orc
  7716 | D:8      | XOM: blink monster(s)
  7929 | D:7      | Killed Blork the orc
  7980 | D:8      | XOM: god gift: shiny bone wand {god gift}
  8054 | D:8      | XOM: vitrification
  8210 | D:8      | Noticed an elephant
  8233 | D:8      | XOM: inner flame monster(s)
  8246 | D:8      | XOM: 1-stop teleportation journey
  8247 | D:8      | Noticed oink's ghost (experienced MfGl)
  8253 | D:8      | XOM: divination: detect creatures
  8256 | D:8      | XOM: inner flame monster(s)
  8257 | D:8      | XOM: summons friendly shadow imp
  8259 | D:8      | XOM: swap monsters
  8264 | D:8      | XOM: polymorph shadow imp -> iron imp
  8270 | D:8      | XOM: inner flame monster(s)
  8288 | D:8      | XOM: summons friendly ufetubus
  8288 | D:8      | Killed oink's ghost
  8288 | D:8      | Killed from afar by oink's ghost

Action                   |  1- 3 |  4- 6 |  7- 9 || total
-------------------------+-------+-------+-------++-------
Melee: Spear             |   140 |   347 |   405 ||   892
 Fire: Blowgun           |       |       |     2 ||     2
Evoke: Wand              |       |       |     2 ||     2
  Use: Scroll            |       |     4 |       ||     4
 Stab: Paralysed         |     2 |     9 |    16 ||    27
       Confused          |       |       |     2 ||     2
       Sleeping          |       |       |     1 ||     1
